 Dungeon Crawl Stone Soup version 0.18.1-48-g4cf74bf (webtiles) character file.

22153 TuxedoFelix the Protected (level 12, 0/115 HPs)
             Began as a Minotaur Berserker on July 15, 2016.
             Was an Elder of Trog.
             Slain by an alligator (10 damage)
             ... on level 1 of the Swamp.
             The game lasted 01:28:49 (15766 turns).

TuxedoFelix the Protected (Minotaur Berserker)     Turns: 15766, Time: 01:28:49

Health: 0/115      AC: 17    Str: 26    XL:     12   Next: 60%
Magic:  11/11      EV: 10    Int:  4    God:    Trog [****..]
Gold:   542        SH:  0    Dex: 11    Spells: 0 memorised, 11 levels left

rFire  + . .     SeeInvis .     E - +9 lajatang of Patience {slice, rElec rPois rF+}
rCold  + . .     Gourm    .     y - +0 plate armour
rNeg   . . .     Faith    .     (shield currently unavailable)
rPois  +         Spirit   .     (helmet restricted)
rElec  +         Dismiss  .     (no cloak)
rCorr  .         Reflect  .     (no gloves)
SustAt .         Harm     .     l - +0 pair of boots
MR     .....                    F - amulet of rage
Stlth  ..........               (no ring)
                                H - ring of protection from cold

@: not resistant to hostile enchantments, extremely unstealthy
A: retaliatory headbutt, horns 2
a: Berserk, Trog's Hand, Brothers in Arms, Burn Spellbooks, Renounce Religion,
Evoke Berserk Rage


You were on level 1 of the Swamp.
You worshipped Trog.
Trog was greatly pleased with you.
You were not hungry.

You visited 4 branches of the dungeon, and saw 15 of its levels.

You collected 542 gold pieces.

Inventory:

Hand Weapons
 E - the +9 lajatang of Patience (weapon) {slice, rElec rPois rF+}
   (You found it on level 7 of the Dungeon)

   It inflicts extra damage upon your enemies.
   It protects you from fire.
   It insulates you from electricity.
   It protects you from poison.
 G - a +7 quarterstaff of crushing
 M - a +3 antimagic quarterstaff
Missiles
 f - 2 steel tomahawks
 j - 8 javelins (quivered)
Armour
 l - a +0 pair of boots (worn)
 y - a +0 plate armour (worn)
Rods
 x - a +0 rod of inaccuracy (14/14)
   (You found it on level 4 of the Dungeon)
Jewellery
 F - an amulet of rage (around neck)
 H - a ring of protection from cold (left hand)
Wands
 a - a wand of flame (25/48)
 m - a wand of lightning (3/15)
 o - a wand of random effects (14/48)
 q - a wand of random effects (19/48)
 v - a wand of acid (10/15)
 z - a wand of random effects (13/48)
 A - a wand of disintegration (10/24)
 B - a wand of lightning (3/15)
 D - a wand of disintegration (12/24)
 J - a wand of flame (34/48)
Scrolls
 b - a scroll of enchant armour {unknown}
 c - a scroll of blinking {unknown}
 e - 3 scrolls of fog
 g - 2 scrolls of immolation
 h - a scroll of magic mapping {unknown}
 n - a scroll of teleportation
 r - a scroll of recharging {unknown}
 u - 3 scrolls of remove curse
 C - a scroll of fear {unknown}
 I - a scroll of holy word {unknown}
 P - a scroll of identify
Potions
 d - a potion of agility {unknown}
 k - a potion of curing {unknown}
 p - 2 potions of ambrosia
 t - 2 potions of might {unknown}
 K - a potion of degeneration {unknown}
 N - a potion of flight {unknown}
Comestibles
 s - 2 bread rations
 w - 26 fruits


   Skills:
 + Level 13.2 Fighting
   Level 9.5 Axes
 + Level 11.7 Staves
 + Level 13.9 Armour
 + Level 6.8 Dodging
 + Level 1.8 Stealth


You had 11 spell levels left.
You didn't know any spells.

Dungeon Overview and Level Annotations

Branches:
Dungeon (11/15)            Temple (1/1) D:4            Lair (3/8) D:11
  Swamp (1/4) Lair:3
  Snake: Lair:3-6    Spider: Lair:3-6       Orc: D:9-12

Altars:
Ashenzari
Cheibriados
Dithmenos
Elyvilon
Fedhas
Gozag
Kikubaaqudgha
Makhleb
Nemelex Xobeh
Okawaru
Pakellas
Qazlal
Ru
Sif Muna
Trog
Vehumet
Xom
Yredelemnul
Zin
The Shining One


Innate Abilities, Weirdness & Mutations

You reflexively headbutt those who attack you in melee.
You have a pair of horns on your head.


Message History

* * * LOW HITPOINT WARNING * * *
The alligator bites you!
* * * LOW HITPOINT WARNING * * *
The alligator closely misses you. The alligator bites you.
* * * LOW HITPOINT WARNING * * *
The alligator tail-slaps you but does no damage.
Your unstable footing causes you to fumble your attack.
The alligator bites you but does no damage.
The alligator tail-slaps you but does no damage.
Your unstable footing causes you to fumble your attack.
The alligator bites you.
* * * LOW HITPOINT WARNING * * *
The alligator barely misses you.
Unknown command.
Your unstable footing causes you to fumble your attack.
The alligator completely misses you. The alligator closely misses you.
You slice the alligator!!
The alligator is heavily wounded.
The alligator bites you!
You die...

♣♣ ♣.≈≈≈≈§ .≈≈
§♣♣♣...§..≈ .≈≈≈
§♣§n.≈≈...≈ ...≈
§y§♣.≈....≈ ..≈.≈
♣y§§.≈≈.... ♣≈≈≈≈.
.§D≈.≈≈..≈≈ ♣≈≈≈...
≈§≈≈w≈...≈. ♣♣.≈.....
≈≈§...≈≈..♣
♣♣≈t..≈..♣
≈≈≈.♣♣...♣♣
♣♣.@≈≈≈≈♣♣♣
≈§..♣=.♣♣♣
♣♣♣..≈...♣♣
....≈♣♣.♣♣♣♣†>†...♣♣♣
≈.≈≈.}..†≈†≈≈.†.♣♣♣
...≈≈≈.$...♣♣♣
♣♣♣♣♣♣♣♣♣≈♣♣ ♣♣♣


You could see an alligator.

Vanquished Creatures
  Gastronok (Lair:3)
  3 hydras
  Nergalle (D:10)
  3 hill giants
  A swamp dragon (Lair:3)
  A griffon (Lair:2)
  3 black mambas (Lair:2)
  A komodo dragon (Swamp:1)
  7 spiny frogs
  The ghost of TuxedoFelix the Covered, an amateur MiFi (D:5)
  A two-headed ogre (D:10)
  5 blink frogs (Lair:2)
  A wyvern (D:9)
  Sigmund (D:2)
  A wraith (D:8)
  7 hippogriffs
  A yak (D:11)
  14 vampire mosquitoes
  A steam dragon (D:8)
  2 swamp worms (Swamp:1)
  3 water moccasins
  6 porcupines
  3 orc warriors
  An ice beast (D:7)
  A phantom (D:9)
  2 sky beasts
  4 centaurs
  An ogre (D:4)
  11 wolves (Lair:1)
  8 crocodiles
  3 big kobolds
  11 giant frogs
  A wyvern skeleton (D:7)
  A scorpion (D:7)
  9 killer bees
  4 wights (D:9)
  2 vampire bats (D:3)
  3 howler monkeys
  A jelly (D:5)
  4 crimson imps
  3 giant frog zombies
  2 quasits
  4 orc priests
  3 hounds
  A giant frog skeleton (D:10)
  6 orc wizards
  2 centaur skeletons
  7 iguanas
  Natasha (thrice) (D:2)
  7 worker ants
  5 sheep (Lair:1)
  A hound skeleton (D:5)
  A worker ant zombie (D:7)
  4 gnolls
  41 river rats
  15 adders
  A shadow imp (D:7)
  3 oozes
  2 adder zombies (D:8)
  4 adder skeletons
  6 worms
  4 dart slugs
  9 giant geckos
  16 orcs
  3 ball pythons
  5 giant cockroaches
  11 goblins
  13 hobgoblins
  9 jackals
  13 kobolds
  5 quokkas
  24 bats
  A giant gecko skeleton (D:8)
  7 giant newts
  A quokka skeleton (D:4)
  17 rats
  A butterfly (D:2)
395 creatures vanquished.

Vanquished Creatures (collateral kills)
  A swamp dragon (Swamp:1)
  A vampire mosquito (Swamp:1)
2 creatures vanquished.

Vanquished Creatures (others)
  An orc wizard (D:10)
  A giant cockroach (D:1)
  3 fungi (Lair:2)
5 creatures vanquished.

Grand Total: 402 creatures vanquished

Notes
Turn   | Place    | Note
--------------------------------------------------------------
     0 | D:1      | TuxedoFelix the Minotaur Berserker began the quest for the Orb.
     0 | D:1      | Reached XP level 1. HP: 19/19 MP: 0/0
     0 | D:1      | Noticed a vine stalker
   101 | D:1      | Noticed an elf
   108 | D:1      | Noticed a draconian
   110 | D:1      | Noticed a naga
   112 | D:1      | Noticed an octopode
   114 | D:1      | Noticed a vine stalker
   117 | D:1      | Noticed an octopode
   374 | D:1      | Reached XP level 2. HP: 26/27 MP: 1/1
   954 | D:1      | Reached ** piety under Trog
  1024 | D:1      | Reached XP level 3. HP: 34/34 MP: 2/2
  1129 | D:2      | Noticed Natasha
  1131 | D:2      | Killed Natasha
  1183 | D:2      | Reached XP level 4. HP: 23/41 MP: 3/3
  1315 | D:2      | Noticed Natasha
  1322 | D:2      | Killed Natasha
  1384 | D:2      | Reached skill level 5 in Fighting
  1583 | D:2      | Reached XP level 5. HP: 27/48 MP: 4/4
  1885 | D:2      | Reached skill level 5 in Axes
  1983 | D:2      | Reached *** piety under Trog
  2040 | D:2      | Noticed Sigmund
  2060 | D:2      | Killed Sigmund
  2060 | D:2      | Reached XP level 6. HP: 35/56 MP: 5/5
  2278 | D:2      | Found a basalt altar of Yredelemnul.
  2537 | D:2      | Noticed Natasha
  2542 | D:2      | Killed Natasha
  2699 | D:2      | Found a shimmering altar of Xom.
  2948 | D:3      | Found a sparkling altar of Nemelex Xobeh.
  3304 | D:3      | Reached skill level 5 in Armour
  3674 | D:3      | Found a glowing silver altar of Zin.
  3674 | D:3      | Found a shadowy altar of Dithmenos.
  3904 | D:4      | Reached XP level 7. HP: 57/62 MP: 6/6
  3905 | D:4      | Reached **** piety under Trog
  4015 | D:4      | Found a staircase to the Ecumenical Temple.
  4047 | Temple   | Entered the Ecumenical Temple
  4327 | D:4      | Found an ancient bone altar of Kikubaaqudgha.
  4855 | D:4      | Identified a +0 rod of inaccuracy (14/14) (You found it on level 4 of the Dungeon)
  5186 | D:5      | Entered Level 5 of the Dungeon
  5220 | D:5      | Noticed TuxedoFelix's ghost (amateur MiFi)
  5245 | D:5      | Killed TuxedoFelix's ghost
  5245 | D:5      | Reached skill level 5 in Dodging
  5245 | D:5      | Reached XP level 8. HP: 57/71 MP: 7/7
  5673 | D:5      | Found an opulent altar of Gozag.
  5935 | D:5      | You fall through a shaft for 2 floors!
  5949 | D:7      | You fall through a shaft for 3 floors!
  5949 | D:10     | Entered Level 10 of the Dungeon
  5949 | D:10     | Noticed a hill giant
  6450 | D:10     | Noticed a two-headed ogre
  6648 | D:9      | Reached skill level 1 in Stealth
  7341 | D:7      | Reached XP level 9. HP: 37/82 MP: 8/8
  7637 | D:7      | Reached ***** piety under Trog
  7905 | D:7      | Got a crude lajatang
  7906 | D:7      | Identified the +9 lajatang of Patience {slice, rElec rPois rF+} (You found it on level 7 of the Dungeon)
  7919 | D:7      | Identified the Catalogue of Flamy Shape Shifting
  8012 | D:7      | Identified the Disquisition on Changing and the Blaze
  8079 | D:7      | Received a gift from Trog
  8262 | D:8      | Reached skill level 1 in Staves
  8535 | D:8      | Noticed a hill giant
  8537 | D:8      | Noticed a hill giant
  8548 | D:8      | Killed a hill giant
  8548 | D:8      | Reached XP level 10. HP: 89/91 MP: 9/9
  8552 | D:8      | Killed a hill giant
  9424 | D:8      | Reached skill level 10 in Armour
  9928 | D:9      | Reached skill level 10 in Fighting
 10032 | D:9      | Found a white marble altar of Elyvilon.
 10463 | D:10     | Noticed Nergalle
 10497 | D:10     | Killed Nergalle
 10497 | D:10     | Reached skill level 5 in Staves
 11431 | D:10     | Killed a hill giant
 11827 | D:11     | Received a gift from Trog
 11840 | D:11     | Reached XP level 11. HP: 74/101 MP: 10/10
 11937 | D:11     | Found a staircase to the Lair.
 11950 | Lair:1   | Entered Level 1 of the Lair of Beasts
 12149 | Lair:1   | Noticed an eight-headed hydra
 12158 | Lair:1   | Killed an 11-headed hydra
 13318 | Lair:2   | Noticed a griffon
 13335 | Lair:2   | Killed a griffon
 13900 | Lair:2   | Reached skill level 10 in Staves
 14110 | Lair:2   | Received a gift from Trog
 14272 | Lair:2   | Noticed an eight-headed hydra
 14283 | Lair:2   | Killed a 14-headed hydra
 14762 | Lair:2   | Reached XP level 12. HP: 85/112 MP: 11/11
 15370 | Lair:3   | Noticed Gastronok
 15382 | Lair:3   | Killed Gastronok
 15432 | Lair:3   | Found a staircase to the Swamp.
 15522 | Swamp:1  | Entered Level 1 of the Swamp
 15529 | Swamp:1  | Noticed an eight-headed hydra
 15535 | Swamp:1  | Killed a ten-headed hydra
 15563 | Swamp:1  | Noticed an alligator
 15759 | Swamp:1  | Noticed an alligator
 15766 | Swamp:1  | Slain by an alligator

Skill      XL: |  1  2  3  4  5  6  7  8  9 10 11 12 |
---------------+-------------------------------------+-----
Axes           | 4 5 7 8 9 |  9.5
Fighting       | 4 5 6 8 9 10 12 13 | 13.2
Armour         | 3 4 5 6 7 9 11 13 | 13.9
Dodging        | 3 4 5 6 |  6.8
Stealth        | 1 |  1.8
Staves         | 3 7 10 11 | 11.7

Action                   |  1- 3 |  4- 6 |  7- 9 | 10-12 || total
-------------------------+-------+-------+-------+-------++-------
Melee: Hand axe          |    57 |   170 |   102 |       ||   329
       Headbutt          |     9 |    34 |    52 |    79 ||   174
       War axe           |       |       |   143 |       ||   143
       Lajatang          |       |       |    46 |   486 ||   532
       Quarterstaff      |       |       |       |     1 ||     1
Invok: Berserk           |       |       |     2 |     5 ||     7
       Burn Spellbooks   |       |       |     2 |     1 ||     3
       Trog's Hand       |       |       |     1 |     1 ||     2
       Brothers in Arms  |       |       |       |     3 ||     3
Evoke: Wand              |       |       |     2 |       ||     2
  Use: Scroll            |       |       |    10 |     8 ||    18
       Potion            |       |       |       |     4 ||     4
 Stab: Distracted        |       |       |       |     1 ||     1
  Eat: Bread ration      |     1 |     1 |       |     3 ||     5
       Beef jerky        |       |     1 |       |       ||     1
       Meat ration       |       |       |     3 |     3 ||     6
       Pizza             |       |       |       |     2 ||     2
       Fruit             |       |       |       |     1 ||     1
Armor: Animal skin       |     5 |       |       |       ||     5
       Scale mail        |    12 |    72 |       |       ||    84
       Plate armour      |       |       |   190 |   450 ||   640
       Chain mail        |       |       |    18 |       ||    18
Dodge: Dodged            |    27 |   109 |   150 |   359 ||   645
